 Dungeon Crawl Stone Soup version 0.29-a0-870-g2c972031a6 (webtiles) character file.

Game seed: 1923395699911238861

9598 zeratav the Prestidigitator (level 11, -10/75 HPs)
             Began as an Octopode Venom Mage on July 17, 2022.
             Was an Initiate of Gozag.
             Killed from afar by a starcursed mass (15 damage)
             ... with an accursed screaming
             ... while paralysed by accursed screaming
             ... on level 1 of the Abyss.
             The game lasted 00:39:39 (15593 turns).

zeratav the Prestidigitator (Octopode Venom Mage)  Turns: 15593, Time: 00:39:40

Health: -10/75     AC:  5    Str: 13    XL:     11   Next: 49%
Magic:  23/23      EV:  2    Int: 25    God:    Gozag
Gold:   239        SH:  0    Dex: 20    Spells: 3/14 levels left

rFire   . . .      SeeInvis .   H - +4 dagger {short}
rCold   . . .      Faith    .   (no shield)
rNeg    . . .      Spirit   .   (helmet restricted)
rPois   +          Reflect  .   A - amulet of magic regeneration {@e2}
rElec   .          Harm     .   h - ring of flight
rCorr   .          Rampage  .   B - ring of Zilogyick {AC+4 Int+4}
Will    .....                   C - +6 ring of dexterity
Stlth   ++++++....              I - ring "Ewiat" {rPois MP+9}
HPRegen 0.22/turn               l - +6 ring of strength
MPRegen 0.58/turn               (no ring)
                                (no ring)
                                (no ring)

@: paralysed, flying
A: almost no armour, amphibious, 8 rings, camouflage 1, gelatinous body 1,
(nimble swimmer 1), tentacles
a: Renounce Religion, Potion Petition, Call Merchant, Bribe Branch


You were on level 1 of the Abyss.
You worshipped Gozag.
Gozag was aware of your devotion.
You visited 1 branch of the dungeon, and saw 12 of its levels.
You visited the Abyss 1 time.

You collected 1813 gold pieces.
You spent 1197 gold pieces at shops.
You paid 377 gold pieces to Gozag.


Innate Abilities, Weirdness & Mutations

You cannot wear most types of armour.
You are amphibious.
You can wear up to eight rings at the same time.
Your skin changes colour to match your surroundings (Stealth+).
Your rubbery body absorbs attacks. (AC +1, EV +1)
((You are camouflaged when in or above water. (Stealth+)))
You have tentacles for arms and can constrict up to eight enemies at once.


   Skills:
 - Level 7.0 Fighting
 - Level 7.0 Dodging
 - Level 10.0 Stealth
 - Level 2.0 Spellcasting
 + Level 4.5 Conjurations
 - Level 1.0 Transmutations
 + Level 4.6 Ice Magic
 - Level 9.0 Poison Magic
 - Level 10.0 Evocations


You had 3 spell levels left.
You knew the following spells:

 Your Spells              Type           Power      Damage    Failure   Level
a - Sting                 Tmut/Pois      100%       1d8       1%          1
b - Poisonous Vapours     Pois/Air       50%        N/A       2%          2
c - Olgreb's Toxic Radia  Pois           47%        N/A       2%          4
d - Hailstorm             Conj/Ice       25%        3d7       17%         4

Your spell library contained the following spells:

 Spells                   Type           Power      Damage    Failure   Level
 Freeze                   Ice            100%       1d11      1%          1
 Frozen Ramparts          Ice            50%        1d7       4%          3
 Mephitic Cloud           Conj/Pois/Air  25%        N/A       5%          3
 Apportation              Tloc           4%         N/A       11%         1
 Necrotise                Necr           8%         1d4       11%         1
 Summon Small Mammal      Summ           8%         N/A       11%         1
 Wereblood                Tmut           7%         N/A       11%         2
 Dazzling Flash           Conj/Hex       26%        N/A       13%         3
 Sublimation of Blood     Necr           2%         N/A       17%         2
 Iskenderun's Mystic Bla  Conj/Tloc      13%        2d5       41%         4
 Starburst                Conj/Fire      6%         6d4       100%        6
 Ozocubu's Refrigeration  Ice            12%        4d7       100%        7
 Summon Hydra             Summ           1%         N/A       100%        7
 Ignition                 Fire           1%         3d3       100%        8

Inventory:

Hand Weapons
 n - a +0 dagger of venom {short}
   (You took it off a goblin on level 3 of the Dungeon)
 v - a +4 dagger {short}
   (You took it off a kobold brigand on level 8 of the Dungeon)
 H - a +4 dagger (weapon) {short}
   (You took it off a kobold demonologist on level 9 of the Dungeon)
 J - a +1 dagger of flaming {short}
   (You took it off an orc wizard on level 9 of the Dungeon)
Missiles
 F - 2 curare-tipped darts {=fthrowing}
Jewellery
 h - a ring of flight (left tentacle)
   (You found it on level 2 of the Dungeon)
 i - a ring of ice
   (You found it on level 2 of the Dungeon)
 k - an amulet of regeneration {@e2}
   (You found it on level 2 of the Dungeon)
 l - a +6 ring of strength (on tentacle)
   (You found it on level 11 of the Dungeon)
 A - an amulet of magic regeneration (around mantle) {@e2}
   (You took it off an orc on level 8 of the Dungeon)
 B - the ring of Zilogyick (right tentacle) {AC+4 Int+4}
   (You bought it in a shop on level 5 of the Dungeon)

   [ring of protection]

   AC:        It affects your AC (+4).
   Int:       It affects your intelligence (+4).
 C - a +6 ring of dexterity (on tentacle)
   (You took it off an orc warrior on level 9 of the Dungeon)
 I - the ring "Ewiat" (on tentacle) {rPois MP+9}
   (You bought it in a shop on level 5 of the Dungeon)

   [ring of magical power]

   rPois:     It protects you from poison.
   MP:        It affects your magic capacity (+9).
 L - an amulet of reflection
   (You found it on level 10 of the Dungeon)
Wands
 z - a wand of paralysis (14)
   (You found it on level 7 of the Dungeon)
 G - a wand of roots (4)
   (You found it on level 9 of the Dungeon)
Scrolls
 f - 2 scrolls of vulnerability {!r!r}
 q - 3 scrolls of amnesia
 r - 2 scrolls of poison {!r}
 u - 2 scrolls of fog
 w - 4 scrolls of enchant armour
 x - 3 scrolls of identify {@r1}
 y - 2 scrolls of magic mapping {!r}
Potions
 a - 2 potions of magic
 b - 3 potions of flight {unknown}
 c - 2 potions of brilliance
 d - a potion of mutation {unknown}
 e - 7 potions of attraction {!q}
 g - a potion of might {unknown}
 j - 4 potions of curing {@q1}
 m - a potion of resistance {unknown}
 o - a potion of ambrosia {unknown}
 p - 5 potions of haste {@q3}
 s - 5 potions of lignification {unknown}
 t - 2 potions of degeneration {unknown}
Miscellaneous
 D - a phial of floods (inert)
   (You found it on level 9 of the Dungeon)

Dungeon Overview and Level Annotations

Branches:
Dungeon (12/15) Zot: 26489  Temple (0/1) D:6            Lair (0/5) D:11
    Orc (0/2) D:9

Altars:
Dithmenos
Elyvilon
Gozag
Kikubaaqudgha
Xom
Yredelemnul
The Shining One

Shops:
D:5 =   D:8 *   D:10 !

Annotations:
D:4 exclusion: downstairs
D:5 exclusions: iguana and phantom
D:6 Dowan, Duvessa
D:7 exclusion: wight
D:8 exclusion: 2 downstairs
D:9 Erica
D:10 1 runed translucent door
D:12 exclusions: acid dragon, 2 hydras and komodo dragon, Erolcha

.....# #. ..
.. .. ... ..
.## #..#.##
+.#... ##.X#.#
# ##..35## ..
#..55X@## # .
..#...XXXX# #.
##...X#X.#
#...#......X.#
.##'>...#####
##.....##...#
.. ...#'#... #
.. ...##.. # .
...
#..##.......


You could see 9 starcursed masses, a ynoxinul and 3 ufetubi.


Message History

A starcursed mass comes into view.
The ynoxinul gestures.
The ufetubus shouts!
The ynoxinul gestures.
Casting: Olgreb's Toxic Radiance (dangerous; 2% risk of failure)
Confirm with . or Enter, or press ? or * to list all spells.
You begin to radiate toxic energy.
The ufetubus is poisoned. x4
The ufetubus looks even sicker. x3
You kill the ufetubus!
The ufetubus disappears in a puff of smoke!
The ufetubus completely misses you. The ufetubus closely misses you.
The ufetubus hits you but does no damage. x3
The ufetubus completely misses you.
MP[-3]
You lost 3 mp, and now have 20/23 mp.
Casting: Olgreb's Toxic Radiance (dangerous; 2% risk of failure)
Confirm with . or Enter, or press ? or * to list all spells.
Aiming: Poisonous Vapours (safe; 2% risk of failure)
Press: ? - help, Dir - move target, f - ynoxinul
Aim: a ynoxinul The ynoxinul cannot be affected by poisonous vapours!
Unknown command.
You kill the ufetubus!
The ufetubus disappears in a puff of smoke!
The ufetubus looks even sicker.
A starcursed mass splits.
A chorus of shrieks assaults your mind.
The ynoxinul gestures.
HP[-8]
You take 8 damage, and now have 67/75 hp.
You kill the ufetubus!
The ufetubus disappears in a puff of smoke!
You kill the ufetubus!
The ufetubus disappears in a puff of smoke!
The ufetubus is poisoned. x4
Your toxic aura wanes.
A starcursed mass splits.
A chorus of shrieks assaults your mind.
HP[-4] MP[+1]
You take 4 damage, and now have 63/75 hp.
You hit the ufetubus. You grab the ufetubus. You squeeze the ufetubus.
You kill the ufetubus!
The ufetubus disappears in a puff of smoke!
The starcursed mass touches you. The ynoxinul barely misses you.
HP[-5] MP[+1]
You take 5 damage, and now have 58/75 hp.
You hit the ynoxinul. Your grab misses the ynoxinul.
The ufetubus completely misses you. The ufetubus misses you.
The starcursed mass barely misses you.
You hit the starcursed mass.
You squeeze the starcursed mass, but do no damage.
The starcursed mass shudders and is absorbed by its neighbour.
The ufetubus hits you but does no damage.
The ufetubus hits you. The ufetubus closely misses you.
The ufetubus hits you but does no damage.
The starcursed mass barely misses you.
A starcursed mass splits.
MP[+1]
Your mp is fully restored (23).
You completely miss the ynoxinul. Your grab misses the ynoxinul.
You squeeze the ynoxinul. The ufetubus hits you.
The ufetubus hits you but does no damage.
A starcursed mass splits.
HP[-1]
You take 1 damage, and now have 57/75 hp.
You hit the ynoxinul but do no damage. You grab the ynoxinul.
You constrict the ynoxinul. The ufetubus closely misses you.
The ufetubus hits you but does no damage.
The starcursed mass touches you!
The ufetubus hits you but does no damage.
The ufetubus barely misses you.
A starcursed mass splits.
The ynoxinul misses you.
A deafening chorus of shrieks assaults your mind!
HP[-18]
You take 18 damage, and now have 39/75 hp.
MASSIVE DAMAGE!! (PAUSE)
You hit the ynoxinul. You constrict the ynoxinul.
The ufetubus looks more healthy.
The ufetubus hits you but does no damage.
The ufetubus misses you. The starcursed mass closely misses you.
A starcursed mass splits. x2; The ynoxinul completely misses you.
You hit the ynoxinul. Your squeeze misses the ynoxinul.
You constrict the ynoxinul.
The ufetubus looks more healthy.
The ufetubus hits you.
The ufetubus hits you but does no damage.
A starcursed mass splits.
The ufetubus closely misses you. x2
The starcursed mass completely misses you.
The ynoxinul hits you.
* * * LOW HITPOINT WARNING * * *
A cacophony of accursed wailing tears at your sanity!
* * * LOW HITPOINT WARNING * * *
You suddenly lose the ability to move!
You lose your grip on the ynoxinul.
A starcursed mass splits.
The ufetubus looks more healthy.
The ufetubus barely misses you.
The ufetubus hits you but does no damage.
The starcursed mass touches you!
* * * LOW HITPOINT WARNING * * *
The starcursed mass touches you but does no damage.
The starcursed mass touches you!
* * * LOW HITPOINT WARNING * * *
A cacophony of accursed wailing tears at your sanity!
You die...
Your body crumbles into a pile of gold.

Skill      XL: |  1  2  3  4  5  6  7  8  9 10 11 |
---------------+----------------------------------+-----
Stealth        | 3 4 5 10 | 10.0
Poison Magic   | 4 5 7 8 9 |  9.0
Fighting       | 3 5 7 |  7.0
Dodging        | 3 6 7 |  7.0
Evocations     | 6 10 | 10.0
Conjurations   | 4 |  4.5
Ice Magic      | 4 |  4.6
Spellcasting   | |  2.0
Transmutations | |  1.0

Action                   |  1- 3 |  4- 6 |  7- 9 | 10-12 || total
-------------------------+-------+-------+-------+-------++-------
Melee: Club              |     6 |       |       |       ||     6
       Constrict         |    17 |    13 |    16 |    11 ||    57
       Tentacles         |     9 |    16 |    24 |    29 ||    78
       Unarmed           |     1 |       |       |    12 ||    13
       Dagger            |    42 |    53 |    67 |   110 ||   272
       Short sword       |     3 |       |       |       ||     3
       Punch             |       |       |     1 |     1 ||     2
 Cast: Sting             |    17 |    44 |    34 |     3 ||    98
       Poisonous Vapours |       |    28 |    33 |     6 ||    67
       Olgreb's Toxic Ra |       |       |    42 |    65 ||   107
Invok: Potion Petition   |       |       |       |     1 ||     1
Evoke: Wand              |       |       |     1 |     2 ||     3
       Phial of floods   |       |       |       |     1 ||     1
  Use: Scroll            |       |     7 |     7 |     5 ||    19
       Potion            |       |       |     1 |     6 ||     7
 Stab: Sleeping          |     8 |    11 |       |     2 ||    21
       Paralysed         |       |       |     2 |       ||     2
Armor: Skin              |     2 |     3 |     5 |    39 ||    49
Dodge: Dodged            |    32 |    45 |    55 |   121 ||   253

Levels and vault maps discovered:
D:1:      ncdulo_watergridlock, layout_basic, serial_glass, glass_columns_b,
          glass_columns_b, glass_columns_c, glass_columns_b, glass_columns_a,
          glass_columns_a, glass_columns_b, glass_columns_a, glass_columns_a,
          glass_columns_a, minmay_tetromino_o2
D:2:      minmay_spotlight, layout_basic
D:3:      layout_basic
D:4:      layout_rooms, minmay_overflow_temple_star_hex,
          lemuel_zombie_altar_yredelemnul, uniq_natasha
D:5:      layout_basic, mainiacjoe_overflow_brackets, serial_corexii_hall,
          chequers_hall_statues_y, corexii_hall_statues_t, serial_shops,
          nicolae_shop_stone
D:6:      layout_basic, minmay_temple_entry_from_below_a, serial_park_tiny_1,
          nicolae_eternal_life, uniq_duvessa
D:7:      layout_gridville, amcnicky_mini_rare_corridor_liquid
D:8:      layout_cave_pools, nrook_pool_corridor, hangedman_decor_peaks_small,
          minivault_10, minmay_shop_mayhem
D:9:      layout_small_grid, orc_0_dummy, uniq_erica
D:10:     gammafunk_mikee_crab_dinner, layout_stronghold,
          nicolae_inconvenience_store
D:11:     layout_basic, grunt_lair_entry_orc_guard_hut
D:12:     layout_roguey, uniq_erolcha
Abyss:1:  base: Temple, hangedman_abyss_lost_library,
          spicy_abyss_unhelpful_harpoons

Notes
Turn   | Place    | Note
-------+----------+-------------------------------------------
     0 | D:1      | zeratav the Octopode Venom Mage began the quest for the
                  | Orb.
     0 | D:1      | Reached XP level 1. HP: 11/11 MP: 3/3
     0 | D:1      | magus.rc [v1.9.6]
   222 | D:1      | Reached skill level 3 in Stealth
   300 | D:1      | Reached XP level 2. HP: 15/17 MP: 0/5
   407 | D:1      | Reached skill level 4 in Poison Magic
   562 | D:1      | You pick up a book of Frost and begin reading...
   562 | D:1      | You add the spells Freeze, Frozen Ramparts and Hailstorm to
                  | your library.
   622 | D:1      | HP: 4/17 [goblin/+0 dagger (2)]
  1368 | D:1      | Reached XP level 3. HP: 21/21 MP: 6/6
  1617 | D:2      | Reached skill level 4 in Stealth
  2137 | D:2      | Reached XP level 4. HP: 13/27 MP: 7/7
  2603 | D:3      | Reached skill level 5 in Poison Magic
  3025 | D:3      | You pick up a book of Spectacle and begin reading...
  3025 | D:3      | You add the spells Dazzling Flash, Iskenderun's Mystic
                  | Blast and Starburst to your library.
  3177 | D:3      | Learned a level 2 spell: Poisonous Vapours
  3188 | D:3      | Reached skill level 5 in Stealth
  3686 | D:4      | Reached XP level 5. HP: 31/31 MP: 0/8
  3754 | D:4      | Found a glowing golden altar of the Shining One.
  3759 | D:4      | Found a shadowy altar of Dithmenos.
  3759 | D:4      | Found an opulent altar of Gozag.
  3770 | D:4      | Found an ancient bone altar of Kikubaaqudgha.
  3784 | D:4      | Became a worshipper of Gozag Ym Sagoz the Greedy
  3797 | D:4      | Found a shimmering altar of Xom.
  3847 | D:4      | Noticed Natasha
  3853 | D:4      | Killed Natasha
  3891 | D:4      | Noticed Natasha
  3900 | D:4      | Killed Natasha
  3901 | D:4      | Reached skill level 6 in Poison Magic
  4105 | D:4      | Found a basalt altar of Yredelemnul.
  4251 | D:5      | Entered Level 5 of the Dungeon
  4330 | D:5      | Noticed an ogre
  4392 | D:5      | You pick up a book of Blood and begin reading...
  4392 | D:5      | You add the spells Sublimation of Blood, Wereblood and
                  | Summon Hydra to your library.
  4517 | D:5      | Noticed a phantom
  4584 | D:5      | Identified the +1 ring mail "Uwic" {-Cast rPois rF+}
  4743 | D:5      | Reached skill level 7 in Poison Magic
  4743 | D:5      | Reached XP level 6. HP: 31/36 MP: 5/9
  4919 | D:5      | Reached skill level 8 in Poison Magic
  4986 | D:5      | Found Reost's Jewellery Emporium.
  4996 | D:5      | Found a white marble altar of Elyvilon.
  5001 | D:5      | Noticed a black bear
  5190 | D:5      | Reached XP level 7. HP: 41/41 MP: 4/10
  5213 | D:5      | Reached skill level 9 in Poison Magic
  5393 | D:5      | Reached skill level 1 in Fighting
  5790 | D:6      | Noticed Dowan
  5813 | D:6      | Learned a level 4 spell: Olgreb's Toxic Radiance
  5966 | D:6      | You add the spells Ozocubu's Refrigeration and Ignition to
                  | your library.
  6261 | D:6      | Reached skill level 2 in Fighting
  6261 | D:6      | Reached skill level 3 in Dodging
  6507 | D:6      | Noticed Duvessa
  6615 | D:6      | Found a staircase to the Ecumenical Temple.
  7089 | D:7      | Reached skill level 3 in Fighting
  7089 | D:7      | Reached XP level 8. HP: 43/52 MP: 0/11
  7225 | D:7      | Reached skill level 4 in Dodging
  7837 | D:7      | Reached skill level 4 in Fighting
  7841 | D:7      | Reached skill level 5 in Dodging
  8173 | D:8      | Reached skill level 5 in Fighting
  8440 | D:8      | Reached skill level 6 in Dodging
  8457 | D:8      | Reached XP level 9. HP: 62/62 MP: 3/12
  8715 | D:5      | Bought the ring of Zilogyick {AC+4 Int+4} for 719 gold
                  | pieces
  8813 | D:8      | Reached skill level 6 in Fighting
  9080 | D:8      | Found Vamucliu's Mayhem Merchandise.
  9313 | D:8      | Reached skill level 7 in Dodging
  9467 | D:9      | Noticed a two-headed ogre
  9519 | D:9      | Noticed a two-headed ogre
  9818 | D:9      | Noticed Erica
  9919 | D:9      | Reached skill level 7 in Fighting
  9919 | D:9      | Reached skill level 2 in Evocations
  9922 | D:9      | Reached skill level 3 in Evocations
  9925 | D:9      | Killed a two-headed ogre
  9926 | D:9      | Reached skill level 6 in Evocations
  9941 | D:9      | Reached XP level 10. HP: 51/71 MP: 4/13
  9947 | D:9      | Reached skill level 7 in Evocations
 10237 | D:9      | Killed a two-headed ogre
 10238 | D:9      | Reached skill level 8 in Evocations
 10516 | D:9      | Reached skill level 9 in Evocations
 10679 | D:9      | HP: 10/71 [something/bolt of poison (22)]
 10681 | D:9      | HP: 3/71 [poisoned by Erica (bolt of poison)]
 11198 | D:9      | Noticed a kobold demonologist
 11201 | D:9      | Noticed a sixfirhy
 11207 | D:9      | Noticed a rust devil
 11207 | D:9      | Killed a kobold demonologist
 11520 | D:9      | Reached skill level 10 in Evocations
 11520 | D:9      | Reached skill level 6 in Stealth
 11620 | D:9      | Found a staircase to the Orcish Mines.
 11788 | D:5      | Bought the ring "Ewiat" {rPois MP+9} for 436 gold pieces
 11967 | D:10     | Entered Level 10 of the Dungeon
 12026 | D:10     | Found a runed translucent door.
 12030 | D:10     | Noticed a fire crab
 12209 | D:10     | Reached skill level 7 in Stealth
 12230 | D:10     | Reached skill level 8 in Stealth
 12354 | D:10     | Noticed a two-headed ogre
 12373 | D:10     | Killed a two-headed ogre
 12374 | D:10     | Reached skill level 10 in Stealth
 12374 | D:10     | Reached XP level 11. HP: 60/75 MP: 13/14
 12595 | D:10     | Found Rutz's Distillery.
 12603 | D:10     | Bought a potion of curing for 42 gold pieces
 12864 | D:10     | Reached skill level 1 in Conjurations
 12864 | D:10     | Reached skill level 1 in Ice Magic
 13114 | D:11     | Reached skill level 2 in Conjurations
 13114 | D:11     | Reached skill level 2 in Ice Magic
 13143 | D:11     | HP: 11/75 [wraith (8)]
 13155 | D:11     | HP: 15/75 [wraith (11)]
 13445 | D:11     | Found a staircase to the Lair.
 13574 | D:11     | Noticed a soul eater
 13577 | D:11     | Reached skill level 3 in Conjurations
 13577 | D:11     | Reached skill level 3 in Ice Magic
 13842 | D:11     | You pick up a book of Frost and begin reading...
 14773 | D:12     | Noticed a seven-headed hydra
 14865 | D:12     | You pick up a book of Cantrips and begin reading...
 14865 | D:12     | You add the spells Necrotise, Summon Small Mammal and
                  | Apportation to your library.
 14875 | D:12     | Noticed a deep elf pyromancer
 14906 | D:12     | Identified the +8 dagger "Jaguybul" {drain, rC++ Will-
                  | Dex+4 Stlth-}
 14985 | D:12     | Noticed a six-headed hydra
 15088 | D:12     | Killed a deep elf pyromancer
 15089 | D:12     | Reached skill level 4 in Conjurations
 15089 | D:12     | Reached skill level 4 in Ice Magic
 15106 | D:12     | Learned a level 4 spell: Hailstorm
 15253 | D:12     | Noticed Erolcha
 15270 | D:12     | HP: 21/112 [something (17)]
 15277 | D:12     | HP: 13/112 [something (23)]
 15282 | D:12     | You are cast into the Abyss!
 15282 | Abyss:1  | Cast into level 1 of the Abyss (Erolcha)
 15330 | Abyss:1  | Noticed a bone dragon
 15349 | Abyss:1  | Noticed a bone dragon
 15355 | Abyss:1  | HP: 5/75 [large abomination (20)]
 15384 | Abyss:1  | Noticed a wizard
 15388 | Abyss:1  | Killed a wizard
 15389 | Abyss:1  | Noticed a white draconian stormcaller
 15419 | Abyss:1  | Noticed a large abomination
 15574 | Abyss:1  | Noticed a starcursed mass
 15592 | Abyss:1  | Paralysed by accursed screaming for 2 turns
 15593 | Abyss:1  | HP: 14/75 [starcursed mass (7)]
 15593 | Abyss:1  | HP: 5/75 [starcursed mass (9)]
 15593 | Abyss:1  | Killed from afar by a starcursed mass

Vanquished Creatures
  3 two-headed ogres
  A wizard (Abyss:1)
  A deep elf pyromancer (D:12)
  2 kobold demonologists
  2 unseen horrors (D:11)
  A shadow (D:11)
  A wyvern (D:11)
  12 yaks
  2 wraiths (D:10)
  A basilisk (D:12)
  A large abomination (Abyss:1)
  4 orc warriors
  A sky beast (D:7)
  A black bear (D:5)
  An ogre (D:5)
  4 centaurs
  A kobold brigand (D:9)
  A gnoll sergeant (D:9)
  3 bullfrogs
  4 scorpions
  2 wights (D:7)
  8 killer bees
  8 howler monkeys
  An electric eel (D:8)
  3 hounds
  5 orc priests
  A centaur zombie (D:4)
  2 gnoll boudas
  2 iguanas
  Natasha (twice) (D:4)
  10 orc wizards
  A hound zombie (D:4)
  10 gnolls
  8 adders
  A white imp (D:7)
  5 ufetubi
  2 dart slugs
  32 orcs
  10 ball pythons
  3 bats
  5 endoplasms
  A giant cockroach (D:2)
  9 goblins
  7 hobgoblins
  2 jackals (D:2)
  5 quokkas
  2 frilled lizards
  5 kobolds
  8 rats
207 creatures vanquished.

Vanquished Creatures (collateral kills)
  A kobold brigand (D:8)
  4 kobolds (D:8)
5 creatures vanquished.

Vanquished Creatures (others)
  4 fungi (D:11)
  5 plants (D:11)
9 creatures vanquished.

Grand Total: 221 creatures vanquished

Table legend:
 A = Non-vault XP
 B = Vault XP
 C = Vault XP percentage of total XP
 D = Non-vault monster count
 E = Vault monster count
 F = Vault count percentage of total count
                 A         B        C        D         E       F
            +---------+---------+-------+---------+---------+-------
      Total |   12475 |    1237 |   9.0 |     197 |      15 |   7.1
            +---------+---------+-------+---------+---------+-------
        D:1 |      30 |       4 |  11.8 |      18 |       2 |  10.0
        D:2 |      36 |      19 |  34.5 |      15 |       4 |  21.1
        D:3 |      58 |       0 |   0.0 |      21 |       0 |   0.0
        D:4 |      60 |      99 |  62.3 |       8 |       3 |  27.3
        D:5 |     535 |       0 |   0.0 |      11 |       0 |   0.0
        D:6 |     262 |       0 |   0.0 |      22 |       0 |   0.0
        D:7 |     778 |       0 |   0.0 |      14 |       0 |   0.0
        D:8 |    1241 |       0 |   0.0 |      35 |       0 |   0.0
        D:9 |    4446 |       0 |   0.0 |      30 |       0 |   0.0
       D:10 |    2349 |       0 |   0.0 |      10 |       0 |   0.0
       D:11 |    1713 |     472 |  21.6 |       9 |       5 |  35.7
       D:12 |     815 |       0 |   0.0 |       3 |       0 |   0.0
    Abyss:1 |     152 |     643 |  80.9 |       1 |       1 |  50.0
            +---------+---------+-------+---------+---------+-------

Illustrated notes

Table legend:
 A = Kills in this place as a percentage of kills in entire the game.
 B = Kills by you in this place as a percentage of kills by you in the entire game.
 C = Kills by friends in this place as a percentage of kills by friends in the entire game.
 D = Other kills in this place as a percentage of other kills in the entire game.
 E = Experience gained in this place as a percentage of experience gained in the entire game.
 F = Experience gained in this place divided by the number of levels of this place that you have seen.
                   A       B       C       D       E      F
               +-------+-------+-------+-------+-------+----------------------
         Total | 100.0 | 100.0 | 100.0 |   N/A | 100.0 | 1054.8
       Dungeon |  99.1 |  99.0 | 100.0 |   N/A |  94.2 | 1076.4
         Abyss |   0.9 |   1.0 |   0.0 |   N/A |   5.8 | 795.0
               +-------+-------+-------+-------+-------+----------------------

Table legend: (Time is in decaauts)
 A = Elapsed time spent in this place.
 B = Non-inter-level travel time spent in this place.
 C = Inter-level travel time spent in this place.
 D = Time resting spent in this place.
 E = Time spent auto-exploring this place.
 F = Levels seen in this place.
 G = Mean time per level.
                   A        B        C        D        E       F      G
               +--------+--------+--------+--------+--------+-----+--------+
         Total |  15667 |  14674 |    993 |   3915 |   7098 |  13 | 1205.2 |
       Dungeon |  15346 |  14353 |    993 |   3693 |   7098 |  12 | 1278.8 |
         Abyss |    320 |    320 |      0 |    222 |      0 |   1 |  320.0 |
               +--------+--------+--------+--------+--------+-----+--------+

Top non-repeatable levels by time:
     D:8: 1894 daAuts
     D:9: 1748 daAuts
     D:5: 1605 daAuts
     D:1: 1496 daAuts
    D:11: 1464 daAuts
    D:10: 1432 daAuts
     D:6: 1285 daAuts
     D:7: 1200 daAuts
     D:3: 1016 daAuts
     D:2: 990 daAuts
     D:4: 786 daAuts
    D:12: 424 daAuts
 Abyss:1: 320 daAuts
